Cogmind - Beta 16 @@@ ROGUE MODE // 2026.01.22 @ 16:23:14 Player: AngelSpirit Result: Destroyed by 4A-TT1(R) with Subdweller Shrapnel Launcher Performance ------------- Evolutions (0) 0 Regions Visited (2) 400 Robots Destroyed (36) 180 Value Destroyed (873) 873 Prototype IDs (12) 240 Alien Tech Used (0) 0 Bonus (0) 0 TOTAL SCORE: 1693 Bonus ------- None Cogmind --------- Core Integrity 0/250 Matter 289/300 Energy 265/265 System Corruption 1% Temperature Cool (0) Movement Rolling (90) Location -10/Subcaves Parts ------- > --- POWER (1) -------- Improved Ion Engine > --- PROPULSION (2) --- Armored Wheel Armored Wheel > --- UTILITY (2) ------ (None) > --- WEAPON (2) ------- Subdweller Laser Subdweller Machine Gun > --- INVENTORY (5) ---- Seismic Detector Hacking Suite Subdweller Machine Gun Subdweller Shrapnel Launcher Scrap Shield Fragment (45) Peak State ------------ > --- POWER ------------ Subdweller Power Source > --- PROPULSION ------- Armored Wheel Armored Wheel > --- UTILITY ---------- High-capacity Storage Unit Seismic Detector > --- WEAPON ----------- Subdweller Laser Subdweller Machine Gun > --- INVENTORY -------- Cargo Legs Wheel Wheel Wheel Armored Wheel Armored Wheel Sensor Array Medium Armor Plating Medium Armor Plating Medium Armor Plating Scrap Shield Hacking Suite Hacking Suite Light Cannon Light Cannon Mini Grenade Launcher Mini Grenade Launcher Makeshift Axe [Rating: 17] Favorites ----------- Power Light Nuclear Core Engine Subdweller Power Source Power Core Light Nuclear Core Propulsion Improved Treads Treads Improved Treads Wheel Armored Wheel Utility High-capacity Storage Unit Device Seismic Detector Storage High-capacity Storage Unit Protection Scrap Shield Weapon Light Cannon Energy Gun Subdweller Laser Ballistic Gun Assault Rifle Ballistic Cannon Light Cannon Launcher Mini Grenade Launcher Slashing Weapon Mining Claw Build | -11 -10 -10 ------- Run | Yrd Mat Sub Slots Evolved . | . . . Power . | . . . Propulsion . | . . . Utility . | . . . Weapon . | . . . Parts Attached 29 | 7 11 11 Power 4 | 1 1 2 Engine 3 | 1 . 2 Core 1 | . 1 . Reactor . | . . . Propulsion 7 | 2 3 2 Treads 3 | . 3 . Leg . | . . . Wheel 4 | 2 . 2 Hover . | . . . Flight . | . . . Utility 7 | 2 2 3 Device 1 | 1 . . Storage 2 | 1 1 . Processor . | . . . Hackware . | . . . Protection 4 | . 1 3 Artifact . | . . . Weapon 11 | 2 5 4 Energy Gun 2 | . . 2 Energy Cannon . | . . . Ballistic Gun 4 | 2 . 2 Ballistic Cannon 2 | . 2 . Launcher 2 | . 2 . Special Weapon . | . . . Impact Weapon . | . . . Slashing Weapon 1 | . 1 . Piercing Weapon . | . . . Special Melee Weapon . | . . . Unidentified Prototypes . | . . . Parts Lost 3 | . 1 2 Power 2 | . 1 1 Propulsion . | . . . Utility 1 | . . 1 Weapon . | . . . Highest Loss Streak 1 | . 1 1 To Critical Strikes . | . . . Average Backups 12 | . 13 11 Power . | . . . Propulsion 4 | . 5 4 Utility 4 | . 4 4 Weapon 2 | . 2 3 Tool/Special . | . . . Unused Backups 22 | . 1 21 Power . | . . . Propulsion 10 | . . 10 Utility 5 | . . 5 Weapon 7 | . 1 6 Tool/Special . | . . . Average Slot Usage (%) 95 | . 99 91 Engine 4 | . 1 7 Core 9 | . 12 6 Treads 18 | . 26 9 Wheel 9 | . . 18 Device 7 | . 9 6 Storage 10 | . 14 6 Protection 6 | . 4 7 Energy Gun 3 | . . 7 Ballistic Gun 9 | . 10 7 Ballistic Cannon 14 | . 17 12 Peak Build Rating 17 | 7 14 17 Average Rating 13 | 5 12 14 On Entrance 7 | . 7 14 Avg Prop Armor Cover (%) . | . . . Naked Turns . | . . . Heaviest Build 58 | 13 58 58 Greatest Support 46 | 26 46 46 Greatest Overweight (x) 2 | . 1 2 Average Overweight (x) . | . . 1 Largest Inventory Capacity 20 | 8 20 20 Average Capacity 15 | 7 18 12 Most Carried 20 | 1 20 20 Average Carried 12 | . 13 12 Final Capacity 20 | 8 20 5 Final Carried 20 | 1 20 5 Class Distribution -------------------- 73% | Mutant 24% | Subdweller-Mutant Dominant Class ---------------- Mutant | -10/Materials Subdweller-Mutant | -10/Subcaves Resources | -11 -10 -10 ----------- Run | Yrd Mat Sub Matter Collected 1174 | 240 434 500 Remotely . | . . . Salvage Created 971 | 17 485 469 Parts 71 | 3 32 36 Haulers Intercepted 2 | . 2 . Recyclers Shooed . | . . . Parts Field Recycled . | . . . Retrieved Matter . | . . . Parts Self-Destructed 6 | . . 6 Prevented . | . . . Parts Restored . | . . . Kills | -11 -10 -10 ------- Run | Yrd Mat Sub Combat Hostiles Destroyed 26 | . 13 13 Guns 15 | . 8 7 Cannons 7 | . 1 6 AOE 4 | . 4 . Classes Destroyed 10 | 1 7 2 Worker 1 | . 1 . Tunneler 2 | 1 1 . Hauler 2 | . 2 . Recycler 1 | . 1 . Operator 2 | . 2 . Watcher 2 | . 2 . Swarmer 9 | . 9 . Grunt 4 | . 4 . Sentry 1 | . . 1 Subdweller 12 | . . 12 Best Kill Streak 8 | 1 8 5 Combat Bots Only 5 | . 3 5 Max Kills in Single Turn 3 | 1 3 2 Gunslinging 1 | . . 1 Exploded 3 | . 3 . Melee . | . . . Uniques/NPCs Destroyed . | . . . Combat | -11 -10 -10 -------- Run | Yrd Mat Sub Hostile Shots Fired 89 | . 42 47 Missed 29 | . 16 13 Hits 60 | . 26 34 Projectile 60 | . 26 34 AOE 5 | . . 5 Damage Taken 1333 | . 257 1076 Core 257 | . 49 208 Absorbed by Shields . | . . . Regen/Repaired (Parts) 26 | . 26 . Core Remaining (%) 100 | 100 . . Volleys Fired 102 | 1 47 54 Largest 2 | 2 2 2 Hottest 90 | 40 60 90 Shots Fired 200 | 2 91 107 Gun 98 | 2 50 46 Cannon 98 | . 38 60 Launcher 4 | . 3 1 Special . | . . . Kinetic 173 | 2 88 83 Thermal 23 | . . 23 Explosive 4 | . 3 1 Electromagnetic . | . . . Robot Hit Streak 17 | 1 10 17 Robot Miss Streak 7 | . 7 1 Penetration Max . | . . . Secondary Targets 4 | . 3 1 Max Gunslinging Chain 1 | . 1 1 Shots Hit Robots 115 | 1 51 63 Core Hits 50 | 1 27 22 Critical Kills . | . . . Critical Parts Destroyed 1 | . . 1 Critical Strikes 3 | . 1 2 Destroy 2 | . . 2 Blast 1 | . 1 . Melee Attacks 1 | . 1 . Impact . | . . . Slashing 1 | . 1 . Piercing . | . . . Sneak Attacks . | . . . Combat Hostiles . | . . . Follow-up Attacks . | . . . Damage Inflicted 2274 | 15 1057 1202 Guns 1198 | 15 425 758 Cannons 810 | . 366 444 Explosions 262 | . 262 . Melee . | . . . Ramming 4 | . 4 . Kinetic 1662 | 15 791 856 Thermal 346 | . . 346 Explosive 262 | . 262 . Electromagnetic . | . . . Impact . | . . . Slashing . | . . . Piercing . | . . . Highest Corruption 1 | . 1 1 Average Corruption 1 | . 1 1 Corruption Purged . | . . . Corruption Blocked . | . . . Effects 9 | . 1 8 Message Errors 5 | . 1 4 Heat Flow Errors 1 | . . 1 Energy Discharges 1 | . . 1 Data Loss (minor) 2 | . . 2 Overload Shots . | . . . Overflow Damage . | . . . Projectiles . | . . . Explosions . | . . . Melee . | . . . Knockbacks 6 | . 2 4 Impact . | . . . Kinetic 6 | . 2 4 Secondary . | . . . Self-Inflicted Damage . | . . . Shots . | . . . Rammed 1 | . 1 . Targets Rammed 1 | . 1 . Kicked . | . . . Crushed . | . . . Highest Temperature 236 | . 48 236 Average Temperature 23 | . 13 124 Received Heat Transfer 156 | . 84 72 Siege Activations . | . . . Martial Activations . | . . . Shielding Activations . | . . . Robots Disrupted . | . . . Combat Hostiles . | . . . Robots Corrupted . | . . . Combat Hostiles . | . . . Parts Fried . | . . . Impact Corruptions . | . . . Robots Melted . | . . . Combat Hostiles . | . . . Parts Melted . | . . . Heat Transferred 400 | . . 400 Parts Sabotaged . | . . . Parts Stolen . | . . . Parts Stripped . | . . . Power Chain Reactions . | . . . Alert | -11 -10 -10 ------- Run | Yrd Mat Sub Maximum Alert Level 1 | . 1 . Low Security (%) 98 | 100 98 . Level 1 1 | . 1 . Level 2 . | . . . Level 3 . | . . . Level 4 . | . . . Level 5 . | . . . High Security . | . . . Max Security . | . . . Peak Influence 210 | 5 210 . Initial 3 | . 3 . Average 59 | . 61 . Influence Increases 514 | 5 489 20 Destroy 0b10 Robot/C 280 | . 260 20 Destroy 0b10 Robot/NC 50 | 5 45 . Destroy Leader 58 | . 58 . Successful Hack 33 | . 33 . Select Force Hacks 30 | . 30 . Disable Machine 30 | . 30 . Destroy Structure 18 | . 18 . Lose Combat Pursuer 15 | . 15 . Influence Decreases 514 | . 468 46 Entered New Map 16 | . 2 14 Time Decay 488 | . 456 32 Lost Part 10 | . 10 . Squads Dispatched 1 | . 1 . Investigation 1 | . 1 . Extermination . | . . . Reinforcement . | . . . Assault . | . . . Garrison . | . . . Intercept . | . . . Searches Triggered . | . . . Construction Impeded . | . . . Haulers Reinforced . | . . . Active Scanning Responses . | . . . Cargo Convoy Interrupts . | . . . Stealth | -11 -10 -10 --------- Run | Yrd Mat Sub Distress Signals 2 | . 2 . Communications Jammed . | . . . Distress Signals . | . . . Times Spotted 38 | . 23 15 Peak Tracking Total 5 | . 5 2 Tactical Retreats 1 | . 1 . Traps | -11 -10 -10 ------- Run | Yrd Mat Sub Traps Triggered 6 | . 2 4 Indirectly . | . . . Trap Hack Attempts . | . . . Triggered . | . . . Disarmed . | . . . Reprogrammed . | . . . Reused . | . . . Traps Extracted . | . . . Installed . | . . . Triggered . | . . . Machines | -11 -10 -10 ---------- Run | Yrd Mat Sub Machines Disabled 3 | . 2 1 Max in Single Turn 1 | . 1 1 Machines Repaired . | . . . Machines Dismantled . | . . . Machines Sabotaged . | . . . Overloaded Fab Kills . | . . . Hacking | -11 -10 -10 --------- Run | Yrd Mat Sub Machines Accessed 11 | . 10 1 Terminals 7 | . 7 . Fabricators . | . . . Repair Stations 1 | . 1 . Recycling Units 2 | . 2 . Scanalyzers . | . . . Garrison Access . | . . . Total Hacks 33 | . 32 1 Successful 18 | . 17 1 Failed 15 | . 15 . Catastrophic 2 | . 2 . Database Lockouts . | . . . Manual 23 | . 23 . Terminals 24 | . 24 . Fabricators . | . . . Repair Stations 2 | . 2 . Recycling Units 6 | . 6 . Scanalyzers . | . . . Garrison Access . | . . . Terminal Hacks 4 | . 3 1 Robot Analysis 1 | . 1 . Locate Traps 1 | . 1 . Security Status 1 | . 1 . Proto ID Catalog 1 | . . 1 Fabricator Hacks . | . . . Repair Station Hacks 2 | . 2 . Scan Component 1 | . 1 . Repair 1 | . 1 . Recycling Unit Hacks 1 | . 1 . Retrieve Components 1 | . 1 . Scanalyzer . | . . . Garrison Access Hacks . | . . . Unauthorized Hacks 11 | . 11 . Terminals 10 | . 10 . Botnet 4 | . 4 . Operators 1 | . 1 . Skim 5 | . 5 . Fabricators . | . . . Repair Stations . | . . . Recycling Units 1 | . 1 . Tunnel 1 | . 1 . Scanalyzers . | . . . Garrison Access . | . . . Data Cores Recovered 1 | . 1 . Used . | . . . Hacking Detections 9 | . 9 . Full Trace Events 1 | . 1 . Feedback Events . | . . . Feedback Blocked . | . . . Robot Schematics Acquired . | . . . Robots Built . | . . . Authchips . | . . . Time . | . . . Total Robot Build Rating . | . . . Part Schematics Acquired . | . . . Parts Built . | . . . Authchips . | . . . Time . | . . . Total Part Build Rating . | . . . Part Studies Acquired . | . . . Parts Repaired 1 | . 1 . Time 32 | . 32 . Parts Recycled . | . . . Recycled Matter . | . . . Retrieved Matter . | . . . Retrieved Components . | . . . Parts Scanalyzed . | . . . Part Schematics Acquired . | . . . Parts Damaged . | . . . Bothacking | -11 -10 -10 ------------ Run | Yrd Mat Sub Used RIF Installer . | . . . Robots Hacked . | . . . Non-combat . | . . . Combat . | . . . Robot Hacks Applied . | . . . Relay Couplers Released . | . . . Fabnet Peak Effective % . | . . . Robots Rewired . | . . . Allies Hacked . | . . . Hacks Repelled . | . . . Allies | -11 -10 -10 -------- Run | Yrd Mat Sub Total Allies . | . . . Largest Group . | . . . Highest-Rated Group . | . . . Highest-Rated Ally . | . . . Total Orders . | . . . Ally Attacks . | . . . Total Damage . | . . . Kills . | . . . Allies Corrupted . | . . . Allies Melted . | . . . Intel | -11 -10 -10 ------- Run | Yrd Mat Sub Active Infowar (turns) 1659 | 1 1030 628 Seismic 1659 | 1 1030 628 Robot Analysis Total 1 | . 1 . Derelict Logs Recovered . | . . . Drone Launches . | . . . Drone Recoveries . | . . . Exploration | -11 -10 -10 ------------- Run | Yrd Mat Sub Turns Passed 3013 | 57 1507 1449 Spaces Moved 1456 | 31 580 845 Core 4 | 4 . . Treads 718 | . 547 171 Legs . | . . . Wheels 734 | 27 33 674 Hover . | . . . Flight . | . . . Fastest Speed 50 | 50 90 90 Average Speed 168 | 85 222 134 Slowest Speed 240 | 100 240 240 Overloaded Moves . | . . . Propulsion Burnouts . | . . . Robots Hopped . | . . . Potential Cave-ins . | . . . Cave-ins Triggered . | . . . Exploration Rate (%) 50 | 3 92 56 Regions Visited 2 Branch Regions 1 Pre-discovered Areas 2 | . 2 . Known Exits Taken 1 | . 1 . Unknown Exits Taken 1 | 1 . . Scrap Searched 4 | . . 4 Spaces Dug 12 | . . 12 Terrain Destroyed 27 | . 15 12 Melee . | . . . Projectile . | . . . AOE 27 | . 15 12 Terrain Rammed . | . . . Walls Destroyed . | . . . Machines Disabled . | . . . Actions | -11 -10 -10 --------- Run | Yrd Mat Sub Total 1817 | 56 700 1061 Wait 137 | 17 23 97 Move 1454 | 30 579 845 Hop . | . . . Pick Up 35 | 1 24 10 Fast Attach 19 | 7 6 6 Attach 4 | . 2 2 Detach 1 | . . 1 Swap 14 | . 8 6 Drop 42 | . 9 33 Fire 102 | 1 47 54 Melee 1 | . 1 . Ram . | . . . Kick . | . . . Crush 1 | . 1 . Escape Stasis . | . . . Rewire . | . . . Trap . | . . . Miscellaneous 7 | . . 7 Route ------- -11/Scrapyard -10/Materials (discovered 5 exits: *Mat x3 / *Min / *Sub) -10/Subcaves (discovered 2 exits: [*Mat x2]) History --------- Turn | Location | Event 20 | -11/Scrapyard | Discovered new exit (range 15) 58 | -11/Scrapyard | Entered Materials 305 | -10/Materials | Build established: Mutant 388 | -10/Materials | Discovered new exit (range 14) 627 | -10/Materials | Learned Storage stockpile data 662 | -10/Materials | Identified exit to Subcaves 684 | -10/Materials | Repaired Med. Armor Plating? 688 | -10/Materials | Learned location of Mines (-8) 703 | -10/Materials | Identified exit to Mines 703 | -10/Materials | Identified exit to Materials 709 | -10/Materials | Learned Storage interactive machine intel 723 | -10/Materials | Learned Storage garrison access intel 747 | -10/Materials | Learned location of 1 exit from Storage 1352 | -10/Materials | Discovered exit to Materials (range 4) 1565 | -10/Materials | Entered Subcaves 1565 | -10/Subcaves | Discovered new exit (range 10) 1567 | -10/Subcaves | Shifting Twisted Machinery released Flamer 1568 | -10/Subcaves | Shifting Twisted Machinery released Battle Rifle 1689 | -10/Subcaves | Disturbed a concealed Subdweller 1744 | -10/Subcaves | Discovered new exit (range 11) 2005 | -10/Subcaves | Visited 4L-MR0's lab 2052 | -10/Subcaves | Found Cargo Legs 2446 | -10/Subcaves | Ambushed by Subdwellers from Twisted Machinery 2568 | -10/Subcaves | Build established: Subdweller-Mutant 2640 | -10/Subcaves | Core integrity fell below 50% 2901 | -10/Subcaves | Shifting Twisted Machinery released Mak. Power Source 2926 | -10/Subcaves | Core integrity fell below 20% 3004 | -10/Subcaves | Ambushed by Subdwellers from Twisted Machinery 3014 | -10/Subcaves | Destroyed by 4A-TT1(R) with Subdweller Shrapnel Launcher Last Messages --------------- 02846_ Dropped Sub. Power Source. 02847_ Acquired Imp. Ion Engine. Mak. Power Source falls loose from the Twisted Machinery. 02903_ Triggered Piercing Trap. 02903_ Spikes shoot up from the floor. 02903_ Critical hit (Impale). 02918_ Triggered Piercing Trap. 02918_ Spikes shoot up from the floor. 02918_ Critical hit (Impale). 02925_ Triggered Shrapnel Trap. 02925_ An expanding cloud of shrapnel blasts out in all directions. 03004_ OJ-WFZ(R) emerges from the Twisted Machinery. 03005_ OJ-WFZ(R) destroyed. 03005_ 4A-TT1(R) suffers critical hit (Destroy). 03008_ 4A-TT1(R) affixes Scrap Shield Fragment to Scrap Shield. 03012_ Scrap Shield destroyed. Map ----- +----------------------------------------------------+ | ### #??##### "" " ??????????????????? | | ## #??????## "##### ??????????????????? | | #??????# ##????????????????????????? | | ##?????# #?????????????????????????? | | ##????## ##????????????????????????? | | #????# #????????????????????????? | | #### #??#### #????????????????????????? | | # #####?## # #????????????????????????? | | ## #????## ##????????????????????????? | | ## #??### #????????????????????????? | | # #??# #????????????????????????? | | #??# #????????????????????????? | | ### ##?# ## #????????????????????????? | | ##*# ### ?# #??##????????????????????? | | % ## ## #?# #####????????????????? | | ## ## #????????????????? | | ## ## ##???????????????? | | ####?# ## ##??????????????? | | ??????### ### #??????????????? | | ?????????# ##?# ### ###??????????????? | | ??????????##??# ##??# ###????????????????? | | ??????????????##????# #??????????????????? | | ????????????????????# #??????????????????? | | ????????????????????# ###????????????????? | | ???????????????????## ##???????????????? | | ???????????????????# @ #???????????????? | | ???????????????????### #???????????????? | | ????????????????????# R #???????????????? | | ????????????????????# #???????????????? | | ????????????????????# % "" #???????????????? | | ????????????????????###### " "##???????????????? | | ??????????????????????????# ##""#????????????????? | | ???????????????????????????##? #???????????????? | | ??????????????????????????????? #??????????????? | | ????????????????????????????????? #??????????????? | | ?????????????????????????????????????????????????? | | ?????????????????????????????????????????????????? | | ?????????????????????????????????????????????????? | | ?????????????????????????????????????????????????? | | ?????????????????????????????????????????????????? | | ?????????????????????????????????????????????????? | | ?????????????????????????????????????????????????? | | ?????????????????????????????????????????????????? | | ?????????????????????????????????????????????????? | | ?????????????????????????????????????????????????? | | ?????????????????????????????????????????????????? | | ?????????????????????????????????????????????????? | | ?????????????????????????????????????????????????? | | ?????????????????????????????????????????????????? | | ?????????????????????????????????????????????????? | +----------------------------------------------------+ Best States ------------- Heat Dissipation 25 Energy Generation 14 Energy Capacity 265 Matter Stores 300 Matter Capacity 300 Sight Range 16 Terrain Scan Density 10 Armor Coverage 800 Evasion (%) 42 Recoil Reduction 2 Item Schematics ----------------- None Robot Schematics ------------------ None Fabricated ------------ Nothing Repaired ---------- Med. Armor Plating | 78% | -10/Materials Studied --------- None Alien Tech Used ----------------- None Achievements -------------- None Challenges ------------ None Game ------ Seed PrecisionCryofiberMace Manual? 0 Play Time 00:18:43 Cumulative 468.5 hours Start 2026.01.22 @ 16:06:14 End 2026.01.22 @ 16:23:14 Sessions 1 Manual Loads 0 Difficulty Rogue Special Mode None Game No. 163 Rogue 163 Adventurer 0 Explorer 0 Win Type - Total 13 Types 6/0/3/1/0/0/0/1/0/2 Lore% 89 Gallery% 84 Achievement% 72 Wizard Run 0 Options --------- Layout 1 ASCII 0 Keyboard 0 Movement Mouse Keybinds 0 Fullscreen 2 Font 32/SmallcapsGlow Map View 50x35 Zoom Use 0% Tactical HUD 1 Map Filters NONE Filters NONE Steam 1 RUN: 160bc998-a69d-410a-b0a8-dd6f66503b88